Map: Curious Minds LE

Players

NEDDUS

  • Race: Zerg Zerg
  • League: Platinum

SoulBurner - Winner!

  • Race: Zerg Zerg
  • League: Silver

VOD

Have the link to the VOD?

Description

Fun Silver Rank ZvZ Match (Rusty AF)

Time

  • Played on: March 2, 2022, 7:36 p.m.
  • Length: 12:49
Show
View Real Time Build Order
Export as new Build Order

NEDDUS Zerg 

Build Orders: Hatch First, Roach Hydra 

Get SALT Encoding   

  12  0:00  Drone  
  13  0:12  Overlord  
  13  0:20  Drone  
  14  0:31  Drone x2  
  14  0:35  Drone  
  17  0:45  Drone  
  18  1:04  Overlord  
  18  1:21  Hatchery  
  17  1:32  Spawning Pool  
  16  1:34  Extractor  
  16  1:35  Drone x3  
  18  1:46  Drone  
  19  1:57  Drone  
  20  2:03  Extractor  
  20  2:08  Drone  
  20  2:20  Overlord  
  20  2:31  Drone  
  20  2:32  Drone  
  22  2:41  Drone  
  22  2:44  Drone  
  24  2:54  Queen  
  24  2:55  Queen  
  24  2:56  Metabolic Boost  
  28  3:08  Drone x2  
  28  3:09  Drone x2  
  32  3:13  Roach Warren  
  32  3:14  Drone  
  32  3:16  Drone  
  33  3:23  Drone  
  33  3:26  Drone  
  35  3:40  Drone  
  36  3:43  Overlord  
  36  3:53  Lair  
  36  3:54  Queen  
  36  3:55  Drone  
  39  4:04  Drone x3  
  42  4:14  Evolution Chamber  
  41  4:17  Evolution Chamber  
  41  4:22  Spine Crawler  
  39  4:24  Drone x2  
  39  4:28  Extractor  
  39  4:30  Extractor, Drone  
  39  4:31  Drone x5  
  45  4:44  Drone  
  45  4:45  Drone  
  47  4:51  Overlord  
  47  4:58  Glial Reconstitution  
  47  5:00  Zerg Missile Weapons Level 1  
  47  5:01  Zerg Ground Armor Level 1  
  49  5:14  Roach x3  
  53  5:21  Roach  
  53  5:22  Roach x2  
  59  5:42  Hydralisk Den  
  58  6:12  Grooved Spines  
  58  6:14  Hydralisk  
  58  6:17  Overlord x2  
  58  7:05  Roach x9  
  76  7:09  Overlord x4  
  76  7:12  Zerg Missile Weapons Level 2  
  76  7:13  Zerg Ground Armor Level 2  
  76  7:24  Muscular Augments  
  76  7:28  Hatchery  
  75  7:30  Drone x4  
  79  7:40  Spire  
  78  7:53  Roach x10  
  98  8:03  Infestation Pit, Overlord x2  
  97  8:06  Overseer  
  93  8:57  Hydralisk  
  93  8:58  Hydralisk x13  
  105  9:12  Hydralisk x2  
  89  9:44  Overlord x3  
  89  9:45  Hatchery  
  88  10:18  Hydralisk x6  
  100  10:24  Queen  
  102  10:33  Spore Crawler  
  101  10:37  Spore Crawler  
  101  10:41  Spore Crawler  
  99  10:43  Spore Crawler  
  99  10:46  Hive  
  98  11:07  Hydralisk  
  98  11:08  Hydralisk x12  
  68  11:35  Hydralisk  
  68  11:36  Hydralisk x10  
  72  11:48  Roach  
  72  11:49  Roach  
  76  11:55  Queen  
  78  12:09  Hatchery  
Show
View Real Time Build Order
Export as new Build Order

SoulBurner Zerg - Winner!

Build Orders: Pool First 

Get SALT Encoding   

  12  0:00  Drone  
  13  0:13  Overlord  
  13  0:17  Drone  
  14  0:34  Spawning Pool  
  14  0:48  Hatchery  
  13  0:50  Drone  
  13  0:54  Drone  
  15  1:01  Drone  
  16  1:09  Extractor, Drone  
  16  1:16  Drone  
  17  1:24  Spawning Pool  
  16  1:29  Drone  
  17  1:34  Drone  
  18  1:45  Drone  
  19  1:55  Overlord  
  19  2:02  Drone  
  20  2:11  Drone  
  20  2:14  Drone  
  22  2:18  Queen  
  22  2:19  Queen, Metabolic Boost  
  26  2:26  Drone x2  
  28  2:32  Drone  
  29  2:41  Extractor  
  28  2:48  Zergling x6  
  31  3:14  Roach Warren  
  31  3:17  Evolution Chamber  
  29  3:20  Lair  
  29  3:23  Drone x3  
  29  3:25  Drone x3  
  35  3:27  Drone  
  35  3:29  Overlord x2  
  36  3:34  Extractor  
  36  3:39  Drone  
  36  3:42  Overlord  
  36  3:51  Zerg Ground Armor Level 1  
  36  3:55  Roach x2  
  40  4:01  Drone  
  40  4:02  Drone x3  
  44  4:12  Roach  
  44  4:16  Glial Reconstitution  
  46  4:35  Roach x4  
  46  4:36  Roach x2  
  58  4:49  Queen  
  60  4:56  Overlord  
  60  5:13  Queen  
  62  5:19  Roach x2  
  62  5:20  Zergling x4  
  68  5:25  Hatchery  
  67  5:47  Spire  
  66  6:08  Overlord x4  
  66  6:21  Overlord x2  
  66  6:22  Overlord  
  66  6:29  Drone  
  66  6:31  Hatchery  
  66  6:33  Drone x3  
  66  6:36  Drone  
  66  6:38  Drone  
  71  6:48  Drone x3  
  72  6:58  Roach x2  
  72  7:01  Drone  
  77  7:07  Queen  
  77  7:08  Queen  
  81  7:13  Queen  
  81  7:15  Drone  
  84  7:17  Drone  
  84  7:19  Drone  
  86  7:23  Drone x2  
  86  7:24  Drone  
  86  7:25  Drone  
  86  7:27  Drone  
  86  7:29  Drone  
  92  7:34  Extractor, Drone x2  
  92  7:35  Drone  
  94  8:01  Mutalisk x2  
  94  8:02  Mutalisk x6  
  94  8:03  Mutalisk  
  112  8:06  Mutalisk  
  112  8:12  Drone x4  
  118  8:14  Drone  
  119  8:29  Hatchery  
  119  8:32  Zerg Flyer Weapons Level 1  
  118  8:37  Zerg Melee Weapons Level 1  
  118  8:40  Zergling x2  
  118  8:41  Zergling x6  
  122  8:47  Zergling x10  
  125  8:57  Lair  
  115  9:06  Mutalisk x6  
  113  9:13  Zergling x10  
  110  9:20  Zergling x8  
  110  9:21  Zergling x2  
  112  9:28  Zergling x4  
  112  9:29  Zergling x10  
  105  9:37  Zergling x12  
  109  9:39  Zergling x2  
  110  9:51  Zergling x18  
  110  9:52  Zergling x2  
  120  9:55  Drone x2  
  120  9:59  Zergling x6  
  125  10:02  Zergling x4  
  125  10:04  Zergling x2  
  125  10:05  Zergling x2  
  129  10:14  Baneling Nest  
  129  10:16  Drone x6  
  134  10:31  Overlord x2, Zerg Ground Armor Level 2  
  134  10:32  Overlord  
  134  10:33  Overlord  
  134  10:36  Hatchery  
  133  10:52  Zergling x10  
  133  10:53  Zergling x16  
  146  10:57  Baneling x8  
  146  10:58  Baneling x9  
  146  11:01  Centrifugal Hooks  
  146  11:07  Drone x3  
  146  11:10  Drone x4  
  153  11:16  Zergling x10  
  137  11:32  Mutalisk x5  
  126  11:45  Roach x2  
  126  11:46  Roach x2  
  128  12:06  Roach x13  
  154  12:09  Baneling x7  
  154  12:10  Baneling x11  
  154  12:12  Zergling x8  
  158  12:21  Zergling x12  
  170  12:30  Drone  
Tags
 
Add a new tag
Caveats
  • Supply blocks, unpowered buildings, or Contaminate may cause inaccurate times.
  • Supply counts are checked every 10 seconds.